Description

Have a bunch of roaches (10) near the enemy base by the time Speed and +1/+1 finishes, with more of them on the way..

Replay - A.I. 1 (Very Easy) v hellorush - Turbo Cruise '84 LE

Build Order

Get SALT Encoding   

  12  0:02  Drone  
  13  0:15  Overlord  
  13  0:19  Drone  
  14  0:36  Drone x3  
  17  0:55  Hatchery  
  16  1:00  Drone x2  
  18  1:05  Extractor  
  17  1:17  Spawning Pool  
  16  1:40  Drone x4  
  20  1:53  Overlord  
  20  2:07  Queen x2  
  24  2:09  Zergling  
  26  2:40  Drone x6  up to 26 drones
  32  2:42  Lair  
  32  2:49  Overlord  limit up to 44
  32  3:00  Drone x3  up to 29 drones
  35  3:05  Extractor x2  @3:00
  33  3:19  Drone x7  up to 34 drones
  40  3:25  Evolution Chamber x2  @3:20
  38  3:34  Drone x3  up to 35 drones
  41  3:38  Overlord x2  limit up to 60
  41  3:42  Roach Warren  @3:40
  40  3:54  Zerg Missile Weapons Level 1  
  40  3:55  Zerg Ground Armor Level 1  
  40  3:58  Overlord  limit up to 68
  40  4:21  Glial Reconstitution  
  40  4:40  Roach x10  
  60  4:45  Overlord  
  60  4:50  Ravager x3  
  63  5:00  Action  Move out
  63  5:45  Action  Upgrades complete. Attack!
Spawning Tool Build Advisor. Get it on Overwolf

Go to:

Details

  • Created by: hellorush
  • Published on: May 16, 2019
  • Modified on: Jul 11, 2019
  • Patch: 4.7.1
Show
View Real Time Build Order
Export as new Build Order

Comments (0)

There are no comments. Be the first!

Create an account to comment!